[ AOE2 MATCH · #493707977 ]
UnrankedPoles vs Dravidians
[ REPLAY ANALYSIS · EXTRACTED FROM THE RECORDED GAME ]
Feudal
14:34
Castle
—
Imperial
—
| APM avg | 27.1 |
| APM peak | 58 |
| eAPM avg | 11.0 |
| Villagers / military | 39 / 7 |
Focus
⚔️ 21.3% · 🌾 78.7%
Spearman ×6 · Fishing Ship ×5 · Unknown (2626) ×2 · Militia ×1
Feudal
12:51
Castle
17:03
Imperial
—
| APM avg | 29.1 |
| APM peak | 49 |
| eAPM avg | 11.5 |
| Villagers / military | 24 / 20 |
Focus
⚔️ 17.0% · 🌾 83.0%
Spearman ×8 · Fishing Ship ×8 · Knight ×7 · Battering Ram ×5
Feudal
13:21
Castle
20:21
Imperial
—
| APM avg | 22.3 |
| APM peak | 70 |
| eAPM avg | 10.0 |
| Villagers / military | 26 / 13 |
Focus
⚔️ 26.7% · 🌾 73.3%
Spearman ×12 · Fishing Ship ×7 · Scout Cavalry ×1
Feudal
10:41
Castle
19:06
Imperial
—
| APM avg | 37.2 |
| APM peak | 59 |
| eAPM avg | 13.8 |
| Villagers / military | 38 / 13 |
Focus
⚔️ 28.6% · 🌾 71.4%
Fishing Ship ×11 · Camel Scout ×6 · Scout Cavalry ×5 · Unknown (2626) ×3 · Mangonel ×1 · Scorpion ×1
Match map
Initial resources + every placement click. Lines = walls · curves = elevation contours. ◆ gold · ⬟ stone · ● berries · ✦ relic · ◌ wall gap
Your base· Open — 5t gap
deju30's base· Open — unwalled flank
FRANKFURT's base· Open — 10t gap
ananas_e's base· Open — 13t gap
Smoothed initial terrain · ◌ = detected wall gap · hover for details
Inputs per minute
— [AJJRR] Minillop - - deju30
Build order — [AJJRR] Minillop
86 actions detected in the replay
| 0:31 | Build | Dock |
| 0:59 | Build | Town Center |
| 1:22 | Build | House |
| 3:14 | Build | House |
| 3:29 | Create | Villager (Male) |
| 3:29 | Create | Villager (Male) |
| 3:30 | Create | Villager (Male) |
| 3:30 | Create | Villager (Male) |
| 3:30 | Create | Villager (Male) |
| 4:23 | Create | Villager (Male) |
| 4:23 | Create | Villager (Male) |
| 5:23 | Create | Villager (Male) |
| 5:24 | Create | Villager (Male) |
| 6:16 | Create | Villager (Male) |
| 6:16 | Create | Villager (Male) |
| 6:16 | Create | Villager (Male) |
| 7:06 | Create | Villager (Male) |
| 8:03 | Create | Villager (Male) |
| 8:03 | Create | Villager (Male) |
| 8:04 | Create | Villager (Male) |
| 8:04 | Create | Villager (Male) |
| 8:04 | Create | Villager (Male) |
| 8:09 | Create | Fishing Ship |
| 8:14 | Build | House |
| 8:25 | Research | Loom |
| 8:41 | Build | House |
| 8:55 | Create | Villager (Male) |
| 8:55 | Create | Villager (Male) |
| 8:56 | Create | Villager (Male) |
| 9:22 | Create | Fishing Ship |
| 9:56 | Create | Fishing Ship |
| 10:14 | Build | House |
| 10:19 | Create | Villager (Male) |
| 10:20 | Create | Villager (Male) |
| 10:38 | Create | Villager (Male) |
| 10:39 | Create | Villager (Male) |
| 10:44 | Create | Fishing Ship |
| 10:57 | Create | Villager (Male) |
| 11:26 | Build | Mill |
| 11:51 | Build | Dock |
| 12:16 | Create | Fishing Ship |
| 12:24 | Research | Feudal Age |
| 13:02 | Build | Palisade Wall |
| 13:48 | Build | Mining Camp |
| 14:34 | Age | Feudal Age |
| 14:44 | Create | Villager (Male) |
| 14:44 | Create | Villager (Male) |
| 14:51 | Create | Unit 2626 |
| 15:03 | Create | Villager (Male) |
| 15:04 | Create | Villager (Male) |
| 16:10 | Build | Barracks |
| 16:14 | Build | House |
| 16:18 | Build | House |
| 16:35 | Build | House |
| 16:41 | Create | Villager (Male) |
| 16:41 | Create | Villager (Male) |
| 16:43 | Create | Villager (Male) |
| 16:48 | Build | Farm |
| 16:48 | Build | Farm |
| 16:59 | Build | House |
| 17:09 | Create | Spearman |
| 17:10 | Create | Spearman |
| 17:21 | Build | Farm |
| 17:23 | Build | Farm |
| 17:44 | Create | Spearman |
| 17:57 | Create | Spearman |
| 18:10 | Build | Mill |
| 18:11 | Build | Farm |
| 18:12 | Build | Farm |
| 18:12 | Build | Farm |
| 18:12 | Build | Farm |
| 19:05 | Build | Farm |
| 19:09 | Create | Villager (Male) |
| 19:09 | Create | Villager (Male) |
| 20:01 | Create | Villager (Male) |
| 20:01 | Create | Villager (Male) |
| 20:32 | Create | Militia |
| 20:35 | Create | Spearman |
| 20:35 | Create | Spearman |
| 21:04 | Build | Farm |
| 21:07 | Research | Horse Collar |
| 21:52 | Create | Unit 2626 |
| 21:59 | Create | Villager (Male) |
| 21:59 | Create | Villager (Male) |
| 22:09 | Build | Market |
| 22:12 | Build | Blacksmith |
Build order — deju30
83 actions detected in the replay
| 0:35 | Build | Town Center |
| 2:36 | Create | Villager (Male) |
| 2:36 | Create | Villager (Male) |
| 2:36 | Create | Villager (Male) |
| 2:45 | Create | Villager (Male) |
| 2:50 | Build | House |
| 3:03 | Create | Villager (Male) |
| 3:31 | Build | Dock |
| 4:11 | Build | House |
| 4:13 | Create | Fishing Ship |
| 4:38 | Create | Villager (Male) |
| 4:39 | Create | Villager (Male) |
| 5:06 | Create | Villager (Male) |
| 5:11 | Build | House |
| 5:32 | Create | Villager (Male) |
| 6:00 | Create | Villager (Male) |
| 6:07 | Create | Fishing Ship |
| 6:29 | Create | Villager (Male) |
| 6:37 | Create | Fishing Ship |
| 6:56 | Build | House |
| 7:06 | Create | Villager (Male) |
| 7:06 | Create | Villager (Male) |
| 7:07 | Create | Villager (Male) |
| 7:37 | Create | Villager (Male) |
| 7:47 | Create | Fishing Ship |
| 8:04 | Create | Villager (Male) |
| 8:13 | Create | Villager (Male) |
| 8:38 | Create | Fishing Ship |
| 8:41 | Build | House |
| 8:45 | Create | Villager (Male) |
| 9:19 | Build | House |
| 9:28 | Create | Villager (Male) |
| 9:29 | Create | Villager (Male) |
| 9:39 | Build | House |
| 10:06 | Build | Mining Camp |
| 10:13 | Create | Villager (Male) |
| 10:16 | Create | Fishing Ship |
| 10:16 | Create | Fishing Ship |
| 10:47 | Research | Feudal Age |
| 10:52 | Build | House |
| 11:24 | Build | House |
| 11:54 | Build | Barracks |
| 12:51 | Age | Feudal Age |
| 12:53 | Research | Wheelbarrow |
| 12:56 | Build | Stable |
| 13:07 | Create | Fishing Ship |
| 14:06 | Build | Blacksmith |
| 14:09 | Research | Loom |
| 14:38 | Research | Castle Age |
| 15:13 | Research | Scale Barding Armor |
| 15:15 | Research | Bloodlines |
| 15:41 | Build | Stable |
| 15:50 | Create | Villager (Male) |
| 15:50 | Create | Villager (Male) |
| 17:03 | Age | Castle Age |
| 17:05 | Build | Siege Workshop |
| 17:06 | Create | Knight |
| 17:06 | Create | Knight |
| 17:07 | Create | Knight |
| 17:07 | Create | Knight |
| 17:12 | Create | Villager (Male) |
| 17:50 | Build | House |
| 18:02 | Create | Battering Ram |
| 18:02 | Create | Battering Ram |
| 18:18 | Build | House |
| 18:21 | Create | Knight |
| 18:45 | Build | House |
| 18:46 | Create | Battering Ram |
| 19:06 | Create | Battering Ram |
| 19:14 | Build | House |
| 19:34 | Create | Spearman |
| 19:34 | Create | Spearman |
| 19:52 | Create | Spearman |
| 19:53 | Create | Spearman |
| 20:01 | Create | Spearman |
| 21:05 | Build | House |
| 21:05 | Build | House |
| 21:06 | Create | Knight |
| 21:10 | Create | Spearman |
| 21:10 | Create | Spearman |
| 21:10 | Create | Spearman |
| 21:47 | Create | Knight |
| 22:09 | Create | Battering Ram |
Build order — FRANKFURT
85 actions detected in the replay
| 0:51 | Build | Town Center |
| 1:30 | Build | Dock |
| 2:58 | Create | Villager (Male) |
| 2:58 | Create | Villager (Male) |
| 2:59 | Create | Villager (Male) |
| 2:59 | Create | Villager (Male) |
| 3:53 | Create | Fishing Ship |
| 4:49 | Create | Villager (Male) |
| 5:14 | Build | House |
| 5:29 | Create | Villager (Male) |
| 5:52 | Create | Villager (Male) |
| 6:09 | Create | Villager (Male) |
| 6:19 | Create | Fishing Ship |
| 6:43 | Create | Villager (Male) |
| 6:44 | Create | Villager (Male) |
| 7:15 | Build | House |
| 7:18 | Create | Villager (Male) |
| 7:19 | Create | Villager (Male) |
| 8:04 | Build | Palisade Wall |
| 8:08 | Create | Villager (Male) |
| 8:08 | Create | Villager (Male) |
| 8:32 | Create | Villager (Male) |
| 8:44 | Build | House |
| 9:12 | Create | Villager (Male) |
| 9:27 | Build | Palisade Wall |
| 9:30 | Create | Villager (Male) |
| 9:37 | Create | Fishing Ship |
| 10:27 | Build | Lumber Camp |
| 10:40 | Create | Villager (Male) |
| 11:03 | Build | Palisade Wall |
| 11:11 | Research | Feudal Age |
| 11:30 | Build | Mining Camp |
| 11:38 | Create | Villager (Male) |
| 12:10 | Build | House |
| 12:13 | Build | House |
| 12:22 | Create | Fishing Ship |
| 12:54 | Build | Palisade Wall |
| 13:21 | Age | Feudal Age |
| 13:22 | Build | Palisade Wall |
| 13:26 | Build | Barracks |
| 13:34 | Build | Blacksmith |
| 13:43 | Create | Villager (Male) |
| 13:57 | Build | House |
| 14:17 | Create | Villager (Male) |
| 14:35 | Build | Mill |
| 14:56 | Build | House |
| 14:59 | Create | Villager (Male) |
| 15:00 | Create | Villager (Male) |
| 15:21 | Build | Palisade Wall |
| 15:43 | Build | Stable |
| 15:48 | Create | Villager (Male) |
| 16:01 | Create | Villager (Male) |
| 16:13 | Create | Fishing Ship |
| 16:32 | Create | Villager (Male) |
| 16:49 | Create | Scout Cavalry |
| 17:01 | Build | House |
| 17:03 | Build | House |
| 17:08 | Build | House |
| 17:19 | Build | Palisade Wall |
| 17:38 | Create | Spearman |
| 17:38 | Create | Spearman |
| 17:41 | Research | Castle Age |
| 17:57 | Build | House |
| 17:59 | Build | House |
| 18:12 | Research | Loom |
| 18:17 | Create | Spearman |
| 18:22 | Build | Stone Wall |
| 18:48 | Create | Spearman |
| 18:52 | Create | Spearman |
| 18:55 | Build | House |
| 18:58 | Build | House |
| 19:05 | Create | Spearman |
| 19:18 | Create | Spearman |
| 19:56 | Build | Barracks |
| 20:04 | Research | Scale Mail Armor |
| 20:06 | Create | Spearman |
| 20:07 | Create | Spearman |
| 20:21 | Age | Castle Age |
| 21:37 | Build | Town Center |
| 21:53 | Build | Castle |
| 22:00 | Create | Spearman |
| 22:01 | Create | Spearman |
| 22:01 | Create | Spearman |
| 22:25 | Create | Fishing Ship |
| 22:25 | Create | Fishing Ship |
Build order — ananas_e
114 actions detected in the replay
| 0:16 | Build | Town Center |
| 0:22 | Build | Dock |
| 2:31 | Create | Fishing Ship |
| 2:32 | Create | Villager (Male) |
| 2:32 | Create | Villager (Male) |
| 2:32 | Create | Villager (Male) |
| 2:33 | Create | Villager (Male) |
| 2:33 | Create | Villager (Male) |
| 3:25 | Create | Villager (Male) |
| 3:37 | Create | Fishing Ship |
| 3:54 | Build | House |
| 4:29 | Create | Villager (Male) |
| 4:34 | Create | Fishing Ship |
| 5:07 | Create | Villager (Male) |
| 5:13 | Build | House |
| 5:41 | Create | Villager (Male) |
| 5:49 | Create | Fishing Ship |
| 5:51 | Create | Villager (Male) |
| 6:17 | Create | Villager (Male) |
| 6:29 | Create | Fishing Ship |
| 6:45 | Create | Villager (Male) |
| 6:53 | Build | House |
| 7:08 | Create | Villager (Male) |
| 7:22 | Research | Loom |
| 7:25 | Create | Villager (Male) |
| 7:45 | Build | Mining Camp |
| 7:47 | Create | Villager (Male) |
| 8:09 | Create | Fishing Ship |
| 8:37 | Research | Feudal Age |
| 9:14 | Build | House |
| 10:00 | Build | Barracks |
| 10:13 | Create | Villager (Male) |
| 10:13 | Create | Villager (Male) |
| 10:41 | Age | Feudal Age |
| 10:53 | Build | Stable |
| 11:01 | Build | House |
| 11:19 | Create | Unit 2626 |
| 11:21 | Create | Villager (Male) |
| 11:34 | Create | Villager (Male) |
| 11:39 | Build | Palisade Wall |
| 11:44 | Create | Scout Cavalry |
| 11:44 | Create | Scout Cavalry |
| 11:54 | Create | Unit 2626 |
| 12:08 | Create | Villager (Male) |
| 12:12 | Build | Palisade Wall |
| 12:15 | Build | Palisade Wall |
| 12:19 | Build | Palisade Wall |
| 12:20 | Build | Palisade Wall |
| 12:31 | Create | Villager (Male) |
| 12:34 | Create | Scout Cavalry |
| 12:47 | Create | Unit 2626 |
| 12:50 | Create | Villager (Male) |
| 13:09 | Build | House |
| 13:18 | Build | House |
| 13:18 | Build | House |
| 13:40 | Create | Villager (Male) |
| 13:55 | Create | Scout Cavalry |
| 14:02 | Build | House |
| 14:03 | Build | House |
| 14:36 | Create | Villager (Male) |
| 14:37 | Create | Villager (Male) |
| 15:02 | Build | Dock |
| 15:05 | Create | Fishing Ship |
| 15:05 | Create | Fishing Ship |
| 15:06 | Create | Villager (Male) |
| 15:10 | Build | Mill |
| 15:13 | Build | Palisade Gate |
| 15:47 | Create | Fishing Ship |
| 15:47 | Create | Fishing Ship |
| 15:48 | Create | Villager (Male) |
| 16:10 | Build | Blacksmith |
| 16:41 | Research | Castle Age |
| 16:51 | Create | Scout Cavalry |
| 17:14 | Build | Lumber Camp |
| 18:03 | Research | Scale Barding Armor |
| 18:05 | Research | Forging |
| 18:07 | Create | Villager (Male) |
| 18:10 | Build | Stable |
| 18:41 | Create | Villager (Male) |
| 19:06 | Age | Castle Age |
| 19:07 | Create | Villager (Male) |
| 19:11 | Create | Camel Scout |
| 19:11 | Create | Camel Scout |
| 19:12 | Research | Bloodlines |
| 19:22 | Build | Siege Workshop |
| 19:56 | Create | Villager (Male) |
| 19:59 | Create | Camel Scout |
| 19:59 | Create | Camel Scout |
| 20:02 | Create | Villager (Male) |
| 20:04 | Build | Farm |
| 20:05 | Build | Farm |
| 20:05 | Build | Farm |
| 20:05 | Build | Farm |
| 20:09 | Create | Fishing Ship |
| 20:30 | Create | Camel Scout |
| 20:57 | Create | Villager (Male) |
| 21:02 | Create | Scorpion |
| 21:13 | Research | Double-Bit Axe |
| 21:31 | Create | Villager (Male) |
| 21:32 | Create | Villager (Male) |
| 21:33 | Create | Villager (Male) |
| 21:33 | Create | Villager (Male) |
| 21:51 | Create | Camel Scout |
| 22:05 | Build | Market |
| 22:09 | Build | Farm |
| 22:09 | Build | Farm |
| 22:09 | Build | Farm |
| 22:09 | Build | Farm |
| 22:10 | Build | Farm |
| 22:10 | Build | Farm |
| 22:10 | Build | Farm |
| 22:10 | Build | Farm |
| 22:50 | Create | Villager (Male) |
| 22:54 | Create | Mangonel |
Match timeline
| 0:22 | ananas_e · first_building Dock |
| 0:31 | [AJJRR] Minillop · first_building Dock |
| 1:30 | FRANKFURT · first_building Dock |
| 3:31 | deju30 · first_building Dock |
| 8:04 | FRANKFURT · wall_segment Palisade Wall x3 |
| 9:27 | FRANKFURT · wall_segment Palisade Wall x7 |
| 10:00 | ananas_e · first_building Barracks |
| 10:41 | ananas_e · age_up feudal |
| 10:53 | ananas_e · first_building Stable |
| 11:03 | FRANKFURT · wall_segment Palisade Wall x5 |
| 11:39 | ananas_e · wall_segment Palisade Wall x8 |
| 11:54 | deju30 · first_building Barracks |
| 12:12 | ananas_e · wall_segment Palisade Wall x1 |
| 12:15 | ananas_e · wall_segment Palisade Wall x1 |
| 12:19 | ananas_e · wall_segment Palisade Wall x1 |
| 12:20 | ananas_e · wall_segment Palisade Wall x1 |
| 12:51 | deju30 · age_up feudal |
| 12:54 | FRANKFURT · wall_segment Palisade Wall x7 |
| 12:56 | deju30 · first_building Stable |
| 13:02 | [AJJRR] Minillop · wall_segment Palisade Wall x1 |
| 13:21 | FRANKFURT · age_up feudal |
| 13:22 | FRANKFURT · wall_segment Palisade Wall x5 |
| 13:26 | FRANKFURT · first_building Barracks |
| 14:34 | [AJJRR] Minillop · age_up feudal |
| 15:21 | FRANKFURT · wall_segment Palisade Wall x1 |
| 15:43 | FRANKFURT · first_building Stable |
| 16:10 | [AJJRR] Minillop · first_building Barracks |
| 17:03 | deju30 · age_up castle |
| 17:05 | deju30 · first_building Siege Workshop |
| 17:19 | FRANKFURT · wall_segment Palisade Wall x1 |
| 18:22 | FRANKFURT · wall_segment Stone Wall x1 |
| 19:06 | ananas_e · age_up castle |
| 19:22 | ananas_e · first_building Siege Workshop |
| 20:21 | FRANKFURT · age_up castle |
| 21:53 | FRANKFURT · first_building Castle |
| 22:55 | deju30 · resign |
[ AI ANALYSIS · 1 CREDIT ]
What really happened in this match?
Wolo.gg analyzes every decision: build order, eco, micro, common mistakes by bracket. Personalized analysis on WhatsApp or Discord in 30 seconds.
Civ guide
Poles
Perfil
Jugador #4468699